 Dungeon Crawl Stone Soup version 0.28.0-62-gf88900778d (webtiles) character file.

Game seed: 4069966596823456421

117432 cbfl8 the Severer (level 16, -6/134 HPs)
             Began as a Minotaur Fighter on Mar 10, 2024.
             Was the Champion of Hepliaklqana.
             Splashed by a goliath frog's acid (8 damage)
             ... called by a spriggan druid
             ... on level 2 of the Swamp.
             The game lasted 00:42:30 (33867 turns).

cbfl8 the Severer (Minotaur Fighter)               Turns: 33867, Time: 00:42:31

Health: -6/134     AC: 21    Str: 29    XL:     16   Next: 23%
Magic:  15/15      EV:  9    Int:  7    God:    Hepliaklqana [******]
Gold:   1759       SH: 13    Dex: 25    Spells: 15/15 levels left

rFire   + + .      SeeInvis .   k - +6 broad axe (venom)
rCold   . . .      Faith    .   c - +0 buckler
rNeg    + . .      Spirit   .   K - +1 plate armour {rF+}
rPois   .          Reflect  +   (helmet restricted)
rElec   .          Harm     .   y - scarf {shadows}
rCorr   .          Rampage  +   g - +1 pair of gloves {Str+3}
Will    +....                   F - +2 pair of boots {rampage}
Stlth   ..........              a - amulet of reflection
HPRegen 1.12/turn               t - ring "Ratosa" {rF+ rN+ Dex+6}
MPRegen 0.14/turn               P - +6 ring of strength

@: lethally poisoned (-6 -> -6), corroded, very slow
A: reduced essence, horns 2, retaliatory headbutt, clever 1, regeneration 1
a: Renounce Religion, Recall Ancestor, Ancestor Identity, Transference, Idealise


You were on level 2 of the Swamp.
You worshipped Hepliaklqana.
Hepliaklqana was exalted by your worship.
You visited 5 branches of the dungeon, and saw 26 of its levels.
You also visited: Volcano.

You collected 2723 gold pieces.
You spent 964 gold pieces at shops.

Inventory:

Hand Weapons
 k - a +6 broad axe of venom (weapon)
Missiles
 q - 4 throwing nets
Armour
 c - a +0 buckler (worn)
 g - a +1 pair of gloves of strength (worn)
 y - a scarf of shadows (worn)
 F - a +2 pair of boots of rampaging (worn)
 K - a +1 plate armour of fire resistance (worn)
Jewellery
 a - an amulet of reflection (around neck)
 t - the ring "Ratosa" (left hand) {rF+ rN+ Dex+6}
   (You found it on level 10 of the Dungeon)

   [ring of dexterity]

   Dex:       It affects your dexterity (+6).
   rF:        It protects you from fire.
   rN:        It protects you from negative energy.
 P - a +6 ring of strength (right hand)
Wands
 i - a wand of polymorph (4) (quivered)
 o - a wand of charming (24)
 r - a wand of digging (17)
 s - a wand of flame (40)
 A - a wand of acid (5)
 I - a wand of mindburst (6)
 J - a wand of iceblast (8)
Scrolls
 b - 5 scrolls of identify
 l - a scroll of holy word
 p - 4 scrolls of fog
 z - 3 scrolls of brand weapon
 B - 2 scrolls of immolation
 C - 2 scrolls of silence
 E - a scroll of summoning
Potions
 d - 3 potions of might
 e - 5 potions of haste
 m - 7 potions of ambrosia
 n - 4 potions of flight
 v - 7 potions of curing
 x - 6 potions of lignification
 D - a potion of invisibility
 G - a potion of cancellation
 L - a potion of mutation
Miscellaneous
 f - a phial of floods
 h - a condenser vane
 j - a box of beasts
 u - a phantom mirror
 H - a piece from Xom's chessboard (15/15)
 O - a tin of tremorstones (2/2)


   Skills:
 + Level 15.5 Fighting
 - Level 19.3 Axes
 + Level 17.0 Armour
 + Level 1.3 Dodging
 + Level 11.7 Shields
 * Level 12.4 Evocations


You had 15 spell levels left.
You didn't know any spells.
Your spell library contained the following spells:

 Spells                   Type           Power      Damage    Failure   Level
 Foxfire                  Conj/Fire      0%         2x1d4     96%         1
 Shock                    Conj/Air       0%         1d3       96%         1
 Confusing Touch          Hex            0%         N/A       100%        3
 Conjure Flame            Conj/Fire      0%         6-21      100%        3
 Dazzling Flash           Conj/Hex       0%         N/A       100%        3
 Gell's Gravitas          Tloc           0%         N/A       100%        3
 Inner Flame              Hex/Fire       0%         N/A       100%        3
 Lesser Beckoning         Tloc           0%         N/A       100%        3
 Ozocubu's Armour         Ice            0%         N/A       100%        3
 Portal Projectile        Hex/Tloc       0%         N/A       100%        3
 Swiftness                Air            0%         N/A       100%        3
 Teleport Other           Tloc           0%         N/A       100%        3
 Airstrike                Air            0%         N/A       100%        4
 Flame Wave               Conj/Fire      0%         2d4       100%        4
 Agony                    Necr           0%         N/A       100%        5
 Blade Hands              Tmut           0%         N/A       100%        5
 Excruciating Wounds      Necr           0%         N/A       100%        5
 Metabolic Englaciation   Hex/Ice        0%         N/A       100%        5
 Silence                  Hex/Air        0%         N/A       100%        5
 Summon Forest            Summ/Tloc      0%         N/A       100%        5
 Summon Mana Viper        Hex/Summ       0%         N/A       100%        5
 Yara's Violent Unravell  Hex/Tmut       0%         3d3       100%        5
 Dispersal                Tloc           0%         N/A       100%        6
 Simulacrum               Ice/Necr       0%         N/A       100%        6
 Summon Cactus Giant      Summ           0%         N/A       100%        6
 Enfeeble                 Hex            0%         N/A       100%        7
 Disjunction              Tloc           0%         N/A       100%        8


Dungeon Overview and Level Annotations

Branches:
Dungeon (15/15)            Temple (1/1) D:6            Lair (6/6) D:9
  Swamp (2/4) Lair:2       Spider (0/4) Lair:2        Slime (0/5) Lair:5
    Orc (2/2) D:10            Elf (0/3) Orc:2        Vaults (0/5) D:14
 Depths (0/4) D:15        Volcano (visited)

Altars:
Dithmenos
Elyvilon
Fedhas
Gozag
Hepliaklqana
Kikubaaqudgha
Makhleb
Nemelex Xobeh
Ru
Sif Muna
Trog
Vehumet
Wu Jian
Yredelemnul
Beogh
Jiyva

Shops:
D:2 [   D:10 *   D:14 (   Orc:2 *[=(

Annotations:
D:14 2 transporters, cbfl8's ghost, journeyman MiBe
D:15 3 runed translucent doors, Fott's ghost, journeyman DsIE


Innate Abilities, Weirdness & Mutations

Your life essence is reduced to manifest your ancestor. (-10% HP)
You have a pair of horns on your head.
You reflexively headbutt those who attack you in melee.
Your mind is acute. (Int +2)
Your natural rate of healing is unusually fast.


Message History

The four-headed hydra bites you. x2
Aiming: Paralyse
Press: ? - help, Q - select action, (/) - cycle Shift-Dir - straight line, f/p - four-headed hydra
Aim: a four-headed hydra (strong, chance to affect: 40%)
The four-headed hydra resists with some effort.
The now-empty wand crumbles to dust.
You feel very sick.
You block the four-headed hydra's attack.
The four-headed hydra bites you but does no damage.
You block the four-headed hydra's attack.
The four-headed hydra bites you but does no damage.
The goliath frog hits you but does no damage.
Unknown command.
Unknown command.
Aiming: Polymorph
Press: ? - help, Q - select action, (/) - cycle Shift-Dir - straight line, f/p - four-headed hydra
Aim: a four-headed hydra (strong, will become a quicksilver ooze, a broodmother, or a great orb of eyes, chance to affect: 40%)
The four-headed hydra evaporates and reforms as a great orb of eyes!
You feel sick. The goliath frog hits you from afar. The acid corrodes you!
You are splashed with acid!
The great orb of eyes gazes at you.
Your mind is blasted!
* * * LOW HITPOINT WARNING * * *
You hit the great orb of eyes.
The great orb of eyes is lightly wounded.
You feel sick. The goliath frog hits you from afar!
* * * LOW HITPOINT WARNING * * *
You are splashed with acid!
* * * LOW HITPOINT WARNING * * *
Okay, then.
As you read the scroll of fear, it crumbles to dust.
You assume a fearsome visage.
The bunyip resists with some effort.
The great orb of eyes resists with almost no effort.
The goliath frog resists with almost no effort.
You feel sick.
You block the great orb of eyes's attack.
The goliath frog hits you from afar!
* * * LOW HITPOINT WARNING * * *
You are splashed with acid!
You die...

?#.♣♣..≈≈.≈..♣♣
#.♣≈.≈≈≈§≈≈≈♣
♣♣.≈≈≈≈)≈≈≈≈≈≈
♣♣.≈D§≈≈.♣≈≈≈
♣♣○...≈≈♣ ≈≈
♣♣♣≈°DF..≈D ♣
$♣♣♣♣..°.≈..≈.§≈
.≈.§.°$x♣♣♣♣♣>.≈≈
♣.≈≈≈..FG@§♣
≈..§≈≈≈≈≈..♣
♣...≈§≈≈≈.≈♣
♣♣≈.≈≈≈≈≈≈≈♣
♣♣≈≈≈≈≈§..≈.
♣.≈.....≈≈.
..§.≈.§.....


You could see a bunyip, a great orb of eyes and a goliath frog (strong,
poisoned).

Vanquished Creatures
  Kirke (Lair:5)
  An orc warlord (D:13)
  Nessos (Lair:4)
  2 eleionomae (Swamp:1)
  Snorg (Lair:6)
  An ettin (D:13)
  2 fire dragons
  3 rakshasas (D:15)
  Harold (D:9)
  5 hydras
  A vault guard (D:14)
  The ghost of cbfl8 the Cleaver, a journeyman MiFi of Hepliaklqana (D:10)
  An ogre mage (D:14)
  3 catoblepae
  2 boulder beetles
  2 centaur warriors
  An alligator (Swamp:1)
  4 two-headed ogres
  13 death yaks
  A tengu warrior (D:13)
  An orc high priest (Orc:2)
  10 skeletal warriors
  A goliath frog (Swamp:1)
  A spriggan druid (Swamp:2)
  2 lindwurms
  2 bog bodies (Lair:2)
  A wizard (D:13)
  A deep elf pyromancer (D:14)
  A necromancer (D:13)
  The ghost of Jingleheimer the Cleaver, a novice TeBe of Trog (D:7)
  2 orc knights
  An oklob plant (Lair:6)
  5 orc sorcerers
  A harpy (shapeshifter) (D:13)
  6 cyclopes
  5 ugly things
  4 manticores
  4 black mambas
  2 elephants (Lair:3)
  A torpor snail (Lair:6)
  14 cane toads
  5 rime drakes
  2 yaktaurs
  2 centaur skeletons (D:13)
  A tengu conjurer (D:13)
  7 komodo dragons
  A kobold demonologist (D:13)
  A harpy zombie (D:13)
  2 polar bears
  A hornet (Swamp:1)
  2 meliai (D:14)
  A queen bee (Orc:1)
  2 trolls
  A harpy skeleton (D:13)
  2 tyrant leeches (Swamp:1)
  4 blink frogs (Lair:5)
  A slime creature (shapeshifter) (D:15)
  3 slime creatures (D:15)
  2 shadows
  A centaur simulacrum (D:13)
  4 hogs (Lair:5)
  2 wraiths
  6 basilisks
  2 neqoxecs (D:10)
  6 wyverns
  3 fire bats (Volcano)
  28 yaks
  A steam dragon (Volcano)
  14 vampire mosquitoes
  5 wargs
  6 swamp worms
  Edmund (D:6)
  15 water moccasins
  2 acid dragons
  An acid dragon (shapeshifter) (D:15)
  An ice beast (D:5)
  2 hell hounds (Volcano)
  Pargi (D:3)
  2 black bears
  8 orc warriors
  A sky beast (D:7)
  4 ogres
  12 wolves
  6 centaurs
  3 necrophages
  A kobold brigand (D:10)
  A battlemage (Lair:6)
  12 bullfrogs
  A gnoll sergeant (D:9)
  2 water moccasin zombies (D:5)
  2 scorpions
  2 wyvern zombies
  A wyvern skeleton (D:7)
  A water moccasin skeleton (D:7)
  17 killer bees (Orc:1)
  11 wights
  A vampire bat (Lair:6)
  3 electric eels (Lair:3)
  2 howler monkeys
  A quasit (D:10)
  A bullfrog zombie (D:6)
  5 centaur zombies
  2 jellies
  9 orc priests
  A bullfrog skeleton (D:7)
  A gnoll shaman (D:6)
  6 iguanas
  14 orc wizards
  A killer bee zombie (D:6)
  6 ogre zombies (D:10)
  A hound zombie (D:5)
  3 howler monkey skeletons
  21 gnolls
  6 adders
  A gnoll zombie (D:8)
  A shadow imp (D:4)
  A white imp (D:8)
  A worm (D:2)
  A dart slug (D:4)
  30 orcs
  6 bats
  5 endoplasms
  3 giant cockroaches (D:4)
  11 goblins
  A hobgoblin (D:1)
  2 jackals (D:5)
  10 kobolds
  7 quokkas
  10 ball pythons
  2 frilled lizards
  2 goblin skeletons (D:10)
  2 goblin zombies (D:10)
  A hobgoblin skeleton (D:10)
  3 hobgoblin zombies (D:10)
  5 orc skeletons (D:10)
  8 orc zombies (D:10)
  5 rats
543 creatures vanquished.

Vanquished Creatures (collateral kills)
  An orc warlord (Orc:2)
  The ghost of Jingleheimer the Martial Artist, a journeyman OpTm of Gozag (Lair:6)
  2 eleionomae (Swamp:1)
  2 vault guards (D:14)
  4 hydras
  2 catoblepae
  An alligator (Swamp:1)
  10 death yaks
  2 death knights
  A two-headed ogre (D:14)
  A tengu warrior (D:15)
  2 deep elf knights (D:14)
  A glowing orange brain (D:15)
  A spriggan druid (Swamp:2)
  A skeletal warrior (D:11)
  A swamp dragon (Lair:6)
  A deep elf pyromancer (D:12)
  3 orc knights
  An ugly thing (D:14)
  3 elephants (Lair:3)
  A black mamba (Lair:6)
  4 cane toads
  2 rime drakes
  2 komodo dragons
  A freezing wraith (D:10)
  2 tyrant leeches (Swamp:1)
  A meliai (D:14)
  2 trolls
  7 blink frogs
  A spriggan (Swamp:1)
  7 yaks
  2 basilisks
  A wraith (D:11)
  2 shadows (D:10)
  A vampire (D:10)
  2 hogs (Lair:5)
  A steam dragon (Volcano)
  3 vampire mosquitoes
  A swamp worm (Swamp:1)
  An acid dragon (Lair:6)
  5 water moccasins
  6 orc warriors (Orc:2)
  2 swamp drakes (Lair:6)
  4 wolves
  A centaur (D:13)
  A kobold brigand (D:7)
  3 bullfrogs
  2 killer bees (Orc:1)
  A vampire bat (Lair:6)
  A wight (D:8)
  2 electric eels
  A centaur zombie (D:7)
  A quasit (D:10)
  A hound (D:7)
  2 orc priests (Orc:1)
  An iguana (Lair:6)
  4 orc wizards (Orc:2)
  A killer bee zombie (D:8)
  2 ogre zombies (D:10)
  A gnoll zombie (D:8)
  2 adders (D:10)
  5 orcs
  2 bats (Lair:6)
  A kobold (D:10)
  3 goblin zombies (D:10)
  An orc zombie (D:10)
141 creatures vanquished.

Vanquished Creatures (others)
  3 bloated husks
  17 battlemagi
  An orc wizard (D:4)
  An endoplasm (D:2)
  A quokka (D:2)
  52 fungi
  103 plants
178 creatures vanquished.

Grand Total: 862 creatures vanquished

Notes
Turn   | Place    | Note
-------+----------+-------------------------------------------
     0 | D:1      | cbfl8 the Minotaur Fighter began the quest for the Orb.
     0 | D:1      | Reached XP level 1. HP: 19/19 MP: 0/0
   391 | D:1      | Reached XP level 2. HP: 27/27 MP: 1/1
   596 | D:1      | Found a faded altar of an unknown god.
  1084 | D:2      | Reached skill level 1 in Evocations
  1084 | D:2      | Reached XP level 3. HP: 19/33 MP: 2/2
  1420 | D:2      | Reached skill level 3 in Axes
  1499 | D:2      | Found Sathrystro's Antique Armour Shoppe.
  1527 | D:2      | Found a radiant altar of Vehumet.
  2123 | D:3      | Noticed Pargi
  2136 | D:3      | Killed Pargi
  2137 | D:3      | Reached skill level 4 in Axes
  2137 | D:3      | Reached XP level 4. HP: 38/41 MP: 3/3
  2137 | D:3      | Reached XP level 5. HP: 44/47 MP: 4/4
  3032 | D:4      | Reached skill level 5 in Axes
  3041 | D:4      | Reached XP level 6. HP: 23/53 MP: 5/5
  4074 | D:4      | Reached skill level 6 in Axes
  4099 | D:4      | Reached skill level 5 in Armour
  4102 | D:4      | Reached XP level 7. HP: 60/60 MP: 6/6
  4488 | D:5      | Entered Level 5 of the Dungeon
  4590 | D:5      | Reached skill level 5 in Fighting
  4815 | D:5      | Reached skill level 7 in Axes
  5362 | D:5      | Reached XP level 8. HP: 68/68 MP: 7/7
  5652 | D:6      | Reached skill level 8 in Axes
  5665 | D:5      | Gained mutation: You are strong-willed. (Will+) [potion of
                  | mutation]
  5665 | D:5      | Gained mutation: You tend to lose your temper in combat.
                  | [potion of mutation]
  5665 | D:5      | Gained mutation: You often lose your temper in combat.
                  | [potion of mutation]
  6087 | D:6      | Reached skill level 5 in Shields
  6620 | D:6      | Noticed Edmund
  6636 | D:6      | Killed Edmund
  6873 | D:6      | Reached skill level 9 in Axes
  6982 | D:6      | Reached XP level 9. HP: 75/75 MP: 8/8
  7263 | D:6      | Found a staircase to the Ecumenical Temple.
  7398 | Temple   | Entered the Ecumenical Temple
  7472 | Temple   | Became a worshipper of Hepliaklqana the Forgotten
  7763 | D:7      | Identified the +11 mace of Ocloux {drain, *Rage rC+++ Will+
                  | Int+4}
  8015 | D:7      | Found a transporter.
  8116 | D:7      | Noticed Jingleheimer's ghost (novice TeBe)
  8121 | D:7      | Found a transporter.
  8416 | D:7      | Reached skill level 10 in Axes
  8723 | D:8      | Reached skill level 5 in Evocations
  8956 | D:8      | You fall into a shaft and drop 3 floors!
  8961 | D:11     | Noticed a boulder beetle
  8963 | D:11     | Noticed a two-headed ogre
  8973 | D:11     | Reached * piety under Hepliaklqana
  9024 | D:11     | Killed a boulder beetle
  9102 | D:11     | Reached skill level 11 in Axes
  9182 | D:11     | Reached XP level 10. HP: 77/77 MP: 9/9
  9188 | D:11     | Noticed a death knight
  9190 | D:10     | Entered Level 10 of the Dungeon
  9507 | D:8      | Found a transporter.
  9543 | D:8      | Found a transporter.
  9969 | D:9      | Noticed Harold
  9977 | D:9      | Killed Harold
 10085 | D:9      | Found a staircase to the Lair.
 10163 | D:9      | Found a radiant altar of Vehumet.
 10517 | D:10     | Reached ** piety under Hepliaklqana
 10518 | D:10     | Remembered your ancestor Valentine as a battlemage
 10524 | D:10     | Reached skill level 12 in Axes
 10569 | D:10     | Found a staircase to the Orcish Mines.
 10779 | D:10     | Found a transporter.
 10782 | D:10     | Noticed cbfl8's ghost (journeyman MiFi)
 10818 | D:10     | Found a transporter.
 11082 | D:10     | Reached skill level 10 in Armour
 11098 | D:10     | Found Diggebeb's Serpentskin Sales.
 11423 | D:2      | Bought a pair of runed boots for 202 gold pieces
 11699 | D:10     | Killed a death knight
 11700 | D:10     | Reached skill level 13 in Axes
 11700 | D:10     | Reached XP level 11. HP: 37/84 MP: 10/10
 12090 | D:11     | Noticed a death knight
 12093 | D:11     | Noticed a skeletal warrior
 12094 | D:11     | Noticed a skeletal warrior
 12107 | D:11     | Killed a death knight
 12115 | D:11     | Killed a skeletal warrior
 12121 | D:11     | HP: 4/85 [??? (1)]
 12891 | D:11     | Killed a two-headed ogre
 12959 | D:11     | Killed a skeletal warrior
 13217 | D:11     | Noticed a two-headed ogre
 13219 | D:11     | Noticed a two-headed ogre
 13224 | D:11     | Killed a two-headed ogre
 13232 | D:11     | Killed a two-headed ogre
 13233 | D:11     | Reached skill level 14 in Axes
 14611 | D:11     | HP: 4/85 [??? (2)]
 14636 | D:11     | HP: 4/85 [??? (2)]
 14641 | D:11     | HP: 3/85 [??? (1)]
 14648 | D:11     | HP: 3/85 [??? (1)]
 14656 | D:11     | HP: 4/85 [??? (1)]
 15401 | D:12     | Noticed a deep elf pyromancer
 15407 | D:12     | Killed a deep elf pyromancer
 15436 | D:12     | Reached *** piety under Hepliaklqana
 15710 | D:12     | Noticed a skeletal warrior
 15727 | D:12     | Killed a skeletal warrior
 15727 | D:12     | Noticed a skeletal warrior
 15729 | D:12     | Noticed a skeletal warrior
 15729 | D:12     | Noticed a skeletal warrior
 16321 | D:12     | Noticed a skeletal warrior
 16345 | D:12     | Killed a skeletal warrior
 16733 | D:12     | Noticed a two-headed ogre
 16742 | D:12     | Killed a two-headed ogre
 16743 | D:12     | Reached XP level 12. HP: 81/93 MP: 11/11
 17273 | D:13     | Noticed a boulder beetle
 17292 | D:13     | Killed a boulder beetle
 17293 | D:13     | Reached skill level 15 in Axes
 17621 | D:13     | Noticed a tengu warrior
 17626 | D:13     | Reached skill level 10 in Fighting
 17632 | D:13     | Killed a tengu warrior
 18084 | D:13     | Found an opulent altar of Gozag.
 18679 | D:7      | Killed Jingleheimer's ghost
 18971 | D:8      | Reached skill level 16 in Axes
 19107 | D:8      | Lost mutation: You often lose your temper in combat.
                  | [potion of mutation]
 19107 | D:8      | Lost mutation: You tend to lose your temper in combat.
                  | [potion of mutation]
 19107 | D:8      | Lost mutation: You are strong-willed. (Will+) [potion of
                  | mutation]
 19107 | D:8      | Gained mutation: Your mind is acute. (Int +2) [potion of
                  | mutation]
 19107 | D:8      | Gained mutation: Your natural rate of healing is unusually
                  | fast. [potion of mutation]
 19219 | D:13     | Noticed a centaur warrior
 19225 | D:13     | Killed a centaur warrior
 19355 | D:13     | Noticed an ettin
 19355 | D:13     | Noticed an orc warlord
 19363 | D:13     | Killed an ettin
 19367 | D:13     | Killed an orc warlord
 19368 | D:13     | Reached XP level 13. HP: 25/102 MP: 12/12
 19972 | D:14     | Found a transporter.
 19975 | D:14     | Found a transporter.
 19976 | D:14     | Noticed cbfl8's ghost (journeyman MiBe)
 20293 | D:14     | Found Ukauz's Antique Weapon Boutique.
 21060 | D:14     | Found a gate to the Vaults.
 21459 | D:15     | Entered Level 15 of the Dungeon
 21459 | D:15     | Noticed a stone giant
 21459 | D:15     | Noticed a merfolk impaler
 21459 | D:15     | Found a runed translucent gate.
 21459 | D:15     | Found a runed translucent gate.
 21459 | D:15     | Found a runed translucent gate.
 21461 | D:15     | Noticed Fott's ghost (journeyman DsIE)
 22178 | D:14     | Reached skill level 17 in Axes
 22725 | D:15     | Reached **** piety under Hepliaklqana
 22814 | D:15     | Reached skill level 10 in Evocations
 23025 | D:15     | Found a staircase to the Depths.
 23316 | D:15     | Found a sacrificial altar of Ru.
 23715 | D:10     | Killed cbfl8's ghost
 23727 | D:10     | Identified the ring "Ratosa" {rF+ rN+ Dex+6}
 23777 | Orc:1    | Entered Level 1 of the Orcish Mines
 23789 | Orc:1    | Reached XP level 14. HP: 100/113 MP: 13/13
 24167 | Orc:2    | Entered Level 2 of the Orcish Mines
 25040 | Orc:2    | Reached skill level 18 in Axes
 25040 | Orc:2    | Found Faqilamot's Antique Weapon Boutique.
 25112 | Orc:2    | Found Viydd's Jewellery Boutique.
 25133 | Orc:2    | Bought an amulet of reflection for 450 gold pieces
 25159 | Orc:2    | Noticed an orc warlord
 25169 | Orc:2    | Killed an orc warlord
 25216 | Orc:2    | Found Musa Iwiv's General Store.
 25223 | Orc:2    | Bought a scroll of identify for 26 gold pieces
 25223 | Orc:2    | Bought a scroll of identify for 26 gold pieces
 25223 | Orc:2    | Bought a scroll of identify for 26 gold pieces
 25223 | Orc:2    | Bought a wand of acid (5) for 234 gold pieces
 25247 | Orc:2    | Found a staircase to the Elven Halls.
 25352 | Orc:2    | Found Dun Ruty's Antique Armour Boutique.
 25744 | Lair:1   | Entered Level 1 of the Lair of Beasts
 25859 | Lair:1   | Reached ***** piety under Hepliaklqana
 26579 | Lair:2   | Found a hole to the Spider Nest.
 26697 | Lair:2   | Reached skill level 15 in Armour
 27516 | Lair:2   | Found a staircase to the Swamp.
 27836 | Lair:3   | Reached ****** piety under Hepliaklqana
 28147 | Lair:3   | You fall into a shaft and drop 2 floors!
 28275 | Lair:5   | Found a viscous altar of Jiyva.
 28275 | Lair:5   | Found a staircase to the Slime Pits.
 28401 | Lair:5   | Reached XP level 15. HP: 102/122 MP: 14/14
 28482 | Lair:5   | Found a dark tunnel.
 28497 | Volcano  | Entered a volcano
 28982 | Lair:4   | Noticed Nessos
 28985 | Lair:4   | Reached skill level 10 in Shields
 28992 | Lair:4   | Killed Nessos
 29713 | Lair:4   | Reached skill level 19 in Axes
 30386 | Lair:5   | Noticed Kirke
 30400 | Lair:5   | Killed Kirke
 30696 | Lair:6   | Entered Level 6 of the Lair of Beasts
 30696 | Lair:6   | Found a transporter.
 30697 | Lair:6   | Identified the +7 battleaxe of Deformation {freeze, Str+2
                  | Int+4}
 30699 | Lair:6   | Noticed Jingleheimer's ghost (journeyman OpTm)
 30737 | Lair:6   | Found a transporter.
 31187 | Lair:6   | Noticed Snorg
 31197 | Lair:6   | Killed Snorg
 32185 | Lair:6   | Reached skill level 15 in Fighting
 32715 | Lair:6   | Reached XP level 16. HP: 110/134 MP: 15/15
 33018 | Lair:6   | Killed Jingleheimer's ghost
 33173 | Swamp:1  | Entered Level 1 of the Swamp
 33431 | Swamp:1  | Reached skill level 1 in Dodging
 33867 | Swamp:2  | HP: 2/134 [goliath frog[a spriggan druid] (13)]
 33867 | Swamp:2  | Splashed by a goliath frog's acid

Illustrated notes

Levels and vault maps discovered:
D:1:      ncdulo_halloftheorcs, layout_loops_ring,
          nicolae_ecumenical_snake_handling
D:2:      layout_loops_ring, serial_shops, nicolae_shop_advertising_works
          [nicolae_subvault_shop_adworks], basic_altar, lemuel_flame_loot_1
D:3:      layout_basic, hangedman_decor_diamond_cutter, uniq_pargi
D:4:      layout_loops_corners, patterned_corridor
D:5:      layout_gridville
D:6:      layout_loops_cross, temple_green, serial_aquarium,
          aquarium_bridge_square [aquarium_subvault_window,
          aquarium_subvault_bridge, aquarium_subvault_wall,
          aquarium_subvault_balcony], aquarium_window_corner, aquarium_window_1,
          aquarium_view_2b, aquarium_view_2c, aquarium_balcony_3a,
          aquarium_pool_split, uniq_edmund
D:7:      layout_loops_corners, nzn_ghost_randoct
D:8:      gammafunk_cloud_chamber, layout_basic
D:9:      layout_basic, mainiacjoe_overflow_cross_hatched, lair_entry_dummy,
          uniq_harold
D:10:     layout_small_grid, zombieorc2_lemuel, gammafunk_ghost_stat_death,
          guppyfry_shop_venom
D:11:     cheibrodos_tormentor_scu, layout_cave_pools
D:12:     layout_loops_ring, serial_glass, glass_columns_a, glass_columns_a
D:13:     minmay_diamond_stairs, layout_basic, st_stairs_5, grunt_gozag_statues
D:14:     layout_loops_ring, grunt_vaults_entry_fortified, serial_shops, shop,
          nicolae_sextant, gammafunk_ghost_wrathful_warriors
D:15:     gammafunk_enter_depths_forms, layout_gridville, minmay_door_square,
          gammafunk_ghost_fury_of_okawaru, nicolae_ru_awakened_eye
Temple:   minmay_crystal_snake_temple
Lair:1:   layout_regular_city, minmay_hedge_maze, serial_bayou_pond_d
Lair:2:   layout_long_grid, nicolae_swamp_entry_splash_gauntlet,
          dummy_spider_entry, serial_bayou_shore_a, lemuel_fruit_fields,
          infiniplex_staircase_pool
Lair:3:   layout_loops_ring, chequers_serial_rivers_micro_b, serial_bayou_lake_a
Lair:4:   layout_loops_ring, uniq_nessos
Lair:5:   layout_hall_layers, dpeg_slime_entry_enclosed_altar, enter_volcano_2,
          grunt_megastairs_2, serial_bayou_shore_b, uniq_kirke
Lair:6:   hangedman_lair_in_review, layout_misc_corridors,
          guppyfry_lair_end_dragon, gammafunk_ghost_arena, roderic_batcave,
          uniq_snorg
Swamp:1:  layout_basic_swamp, evilmike_swamp_ruin_rubble_1,
          nicolae_swamp_little_swirl, infiniplex_staircase_pool_2
Swamp:2:  layout_basic_swamp, portal_ice_cave_entry_frozen_things,
          nicolae_swamp_round_clearing, swamp_pool4, grunt_ruined_hall
Orc:1:    layout_caves, special_room [special_room_bee], basic_altar
Orc:2:    grunt_orc_cross, layout_caves

Skill      XL: |  1  2  3  4  5  6  7  8  9 10 11 12 13 14 15 16 |
---------------+-------------------------------------------------+-----
Fighting       | 4 5 6 7 8 9 10 12 13 15 | 15.5
Armour         | 4 5 6 7 8 10 11 13 14 15 16 17 | 17.0
Evocations     | 1 2 3 4 5 6 8 9 10 11 12 | 12.4
Axes           | 4 5 6 7 9 11 13 14 16 17 18 19 | 19.3
Shields        | 4 5 6 7 8 9 11 | 11.7
Dodging        | 1 |  1.3

Action                   |  1- 3 |  4- 6 |  7- 9 | 10-12 | 13-15 | 16-18 || total
-------------------------+-------+-------+-------+-------+-------+-------++-------
Melee: War axe           |    76 |    96 |   301 |   255 |       |       ||   728
       Headbutt          |    13 |    10 |    58 |    97 |   236 |    20 ||   434
       Broad axe         |       |       |       |   142 |   851 |    78 ||  1071
Invok: Ancestor Identity |       |       |     1 |       |       |       ||     1
       Ancestor Life: Ba |       |       |       |     1 |       |       ||     1
       Recall Ancestor   |       |       |       |     1 |     2 |       ||     3
Evoke: Wand              |       |     4 |     4 |     9 |    18 |     3 ||    38
  Use: Potion            |       |       |     5 |     2 |     7 |       ||    14
       Scroll            |       |       |     9 |    14 |    15 |     4 ||    42
 Stab: Distracted        |       |       |       |     8 |    12 |     2 ||    22
       Paralysed         |       |       |       |       |    14 |       ||    14
       Petrified         |       |       |       |       |     2 |       ||     2
       Petrifying        |       |       |       |       |     1 |       ||     1
Armor: Scale mail        |     2 |       |       |       |       |       ||     2
       Chain mail        |    58 |    43 |   117 |       |       |       ||   218
       Skin              |       |       |     7 |       |       |       ||     7
       Plate armour      |       |       |    50 |   281 |   410 |    26 ||   767
Dodge: Dodged            |    36 |    24 |    97 |   120 |   206 |    18 ||   501
Block: Buckler           |    10 |    28 |    78 |    94 |   342 |    38 ||   590
       Reflection        |       |       |       |       |     4 |     6 ||    10
